 Dungeon Crawl Stone Soup version 0.16.1-5-gaa23807 (console) character file.

65 Monkaria the Slasher (level 3, -1/31 HPs)
             Began as a Minotaur Skald on Mar 28, 2015.
             Was an Initiate of Nemelex Xobeh.
             Slain by flinch's ghost (8 damage)
             ... on level 3 of the Dungeon.
             The game lasted 00:02:55 (1589 turns).

Monkaria the Slasher (Minotaur Skald)               Turns: 1589, Time: 00:02:55

Health: -1/31      AC:  9    Str: 16    XL:     3   Next: 92%
Magic:  3/3        EV:  7    Int:  9    God:    Nemelex Xobeh [......]
Gold:   56         SH:  0    Dex: 10    Spells: 1 memorised, 3 levels left

rFire  . . .     SeeInvis .     a - +0 falchion
rCold  . . .     Clarity  .     n - +0 chain mail
rNeg   . . .     SustAb   .     (no shield)
rPois  .         Gourm    .     (helmet restricted)
rElec  .         Spirit   .     (no cloak)
rCorr  .         Warding  .     (no gloves)
rMut   .         Stasis   .     (no boots)
MR     .....                    (no amulet)
Stlth  ..........               (no ring)
                                (no ring)

@: not resistant to hostile enchantments, extremely unstealthy
A: retaliatory headbutt, horns 2
a: Renounce Religion


You were on level 3 of the Dungeon.
You worshipped Nemelex Xobeh.
Nemelex Xobeh was noncommittal.
You were very hungry.

You visited 1 branch of the dungeon, and saw 3 of its levels.

You collected 56 gold pieces.

Inventory:

Hand weapons
 a - a +0 falchion (weapon)
Armour
 n - a +0 chain mail (worn)
Scrolls
 b - a scroll of teleportation {unknown}
 e - 2 scrolls of blinking {unknown}
 g - a scroll of remove curse {unknown}
 j - 3 scrolls of identify {unknown}
 l - a scroll of immolation {unknown}
Potions
 h - a potion of haste {unknown}
 i - a potion of heal wounds
 o - a potion of curing {unknown}
Books
 c - a book of Battle

   Spells                             Type                      Level
   a - Infusion                       Charms                       1
   b - Shroud of Golubria             Charms/Translocation         2
   c - Song of Slaying                Charms                       2
   d - Spectral Weapon                Hexes/Charms                 3
   e - Regeneration                   Charms/Necromancy            3
Miscellaneous
 k - a plain deck of defence
 m - a plain deck of war {drawn: 2}
Comestibles
 d - a bread ration
 f - 2 meat rations


   Skills:
 - Level 3.3 Fighting
 - Level 3.5 Long Blades
 + Level 3.0 Armour
 - Level 1.1 Dodging
 - Level 1.3 Spellcasting
 - Level 2.0 Charms


You had 3 spell levels left.
You knew the following spells:

 Your Spells              Type           Power        Failure   Level  Hunger
a - Infusion              Chrm           #.....       100%        1    ##.....


Dungeon Overview and Level Annotations

Branches:
Dungeon (3/15)

Altars:
Makhleb
Nemelex Xobeh

Annotations:
D:3 flinch's ghost, average FoSu


Innate Abilities, Weirdness & Mutations

You reflexively headbutt those who attack you in melee.
You have a pair of horns on your head.


Message History

You closely miss flinch's ghost.
Flinch's ghost is severely damaged.
Flinch's ghost barely misses you. You furiously retaliate!
You headbutt flinch's ghost, but do no damage.
Your chain mail prevents you from hitting flinch's ghost.
You headbutt flinch's ghost.
Flinch's ghost is almost destroyed.
Flinch's ghost hits you.
You hit flinch's ghost but do no damage.
Flinch's ghost is almost destroyed.
Flinch's ghost hits you.
You hit flinch's ghost.
Flinch's ghost is almost destroyed.
Flinch's ghost hits you.
* * * LOW HITPOINT WARNING * * *
You hit flinch's ghost but do no damage.
Flinch's ghost is almost destroyed.
Flinch's ghost hits you!
You die...
Your body disappears without a glow.

... ... ... #.#
#.# #.# #.# #.#
#@#
###.#####W#######
#....bb§rrb.......
#.#.#####.#######
#<# #.# #.# #.#
..#


You could see flinch's ghost, a river rat, a bat and a rat.

Vanquished Creatures
  Robin (D:2)
  An adder (D:2)
  A giant gecko (D:1)
  An ooze (D:2)
  6 bats
  A giant cockroach (D:2)
  11 goblins
  10 hobgoblins
  A ball python (D:2)
  3 giant newts (D:1)
  6 kobolds
  A quokka (D:3)
  3 rats (D:1)
46 creatures vanquished.

Vanquished Creatures (collateral kills)
  2 goblins (D:2)
  2 hobgoblins (D:2)
  A kobold (D:2)
5 creatures vanquished.

Grand Total: 51 creatures vanquished

Notes
Turn   | Place    | Note
--------------------------------------------------------------
     0 | D:1      | Monkaria, the Minotaur Skald, began the quest for the Orb.
     0 | D:1      | Reached XP level 1. HP: 18/18 MP: 2/2
   112 | D:1      | Reached skill level 3 in Long Blades
   120 | D:1      | Reached XP level 2. HP: 20/25 MP: 2/2
   393 | D:1      | Found a sparkling altar of Nemelex Xobeh.
   438 | D:1      | Became a worshipper of Nemelex Xobeh the Trickster
   641 | D:1      | Received a gift from Nemelex Xobeh
   706 | D:2      | Reached XP level 3. HP: 26/31 MP: 3/3
   770 | D:2      | Found a burning altar of Makhleb.
   770 | D:2      | Noticed a blizzard demon
  1067 | D:2      | Noticed Robin
  1090 | D:2      | Killed Robin
  1562 | D:3      | Noticed flinch's ghost (average FoSu)
  1589 | D:3      | Slain by flinch's ghost

Action                   || total
-------------------------++-------
Melee: Falchion          ||   121
Evoke: Deck              ||     2
  Use: Potion            ||     1
  Eat: Chunk             ||     1
